 Dungeon Crawl Stone Soup version 0.21-a0-39-g28ea6b7 (webtiles) character file.

2524 KristoblXynda the Martial Artist (level 9, 0/64 HPs)
             Began as a White Draconian Transmuter on May 30, 2017.
             Was a Believer of Cheibriados.
             Slain by a slime creature (10 damage)
             ... on level 8 of the Dungeon.
             The game lasted 00:17:16 (7224 turns).

KristoblXynda the Martial Artist (DrTm)             Turns: 7224, Time: 00:17:16

Health: 0/64       AC:  7    Str: 16    XL:     9   Next: 29%
Magic:  0/12       EV: 13    Int: 20    God:    Cheibriados [**....]
Gold:   467        SH:  0    Dex: 21    Spells: 8/12 levels left

rFire    . . .     SeeInvis .   C - +1 short sword (elec)
rCold    + . .     Gourm    .   (no shield)
rNeg     . . .     Faith    .   (armour unavailable)
rPois    +         Spirit   +   (helmet restricted)
rElec    .         Reflect  .   (no cloak)
rCorr    .         Harm     .   (no gloves)
MR       .....                  (no boots)
Stlth    ++........             s - amulet of guardian spirit
Regen    0.2/turn               d - ring of poison resistance
MPRegen  0.2/turn               j - +4 ring of dexterity

@: very slow
A: breathe frost, unfitting armour, cold resistance 1, cold-blooded, AC +7
a: Breathe Frost, Bend Time, Renounce Religion


You were on level 8 of the Dungeon.
You worshipped Cheibriados.
Cheibriados was pleased with you.
You were not hungry.

You visited 2 branches of the dungeon, and saw 9 of its levels.

You collected 467 gold pieces.

Inventory:

Hand Weapons
 C - a +1 short sword of electrocution (weapon)
Missiles
 a - 52 arrows
 p - 8 javelins (quivered)
Jewellery
 d - a ring of poison resistance (left hand)
 j - a +4 ring of dexterity (right hand)
 s - an amulet of guardian spirit (around neck)
 z - a cursed ring of magical power
Wands
 E - a wand of paralysis (11/24)
Scrolls
 f - a scroll of immolation
 i - a scroll of recharging
 r - 3 scrolls of teleportation
 u - 2 scrolls of amnesia
 v - 3 scrolls of enchant weapon
 w - a scroll of magic mapping {unknown}
 y - a scroll of summoning {unknown}
 D - a scroll of blinking {unknown}
Potions
 g - a potion of ambrosia {unknown}
 m - a potion of haste {unknown}
 n - 2 potions of flight {unknown}
 o - 3 potions of magic
 q - a potion of brilliance
 A - 2 potions of curing
Books
 b - a book of Changes

   Spells                             Type                      Level
   a - Beastly Appendage              Transmutation                1
   b - Sticks to Snakes               Transmutation                2
   c - Spider Form                    Transmutation/Poison         3
   d - Ice Form                       Ice/Transmutation            4
   e - Blade Hands                    Transmutation                5
 t - a book of Frost

   Spells                             Type                      Level
   a - Freeze                         Ice                          1
   b - Throw Frost                    Conjuration/Ice              2
   c - Ozocubu's Armour               Charms/Ice                   3
   d - Throw Icicle                   Conjuration/Ice              4
   e - Summon Ice Beast               Ice/Summoning                4
Comestibles
 c - 6 bread rations
 h - 5 meat rations
 k - 3 fruits
 l - a royal jelly


   Skills:
 - Level 1.1 Fighting
 + Level 2.0 Short Blades
 - Level 2.1 Dodging
 + Level 10.4 Unarmed Combat
 - Level 2.0 Spellcasting
 + Level 7.4 Transmutations


You had 8 spell levels left.
You knew the following spells:

 Your Spells              Type           Power        Failure   Level  Hunger
a - Beastly Appendage     Tmut           ####..       1%          1    #......
b - Spider Form           Tmut/Pois      ###.......   11%         3    ###....


Dungeon Overview and Level Annotations

Branches:
Dungeon (8/15)             Temple (1/1) D:4
   Lair: D:8-11

Altars:
Ashenzari
Cheibriados
Dithmenos
Elyvilon
Fedhas
Gozag
Kikubaaqudgha
Makhleb
Nemelex Xobeh
Okawaru
Qazlal
Ru
Sif Muna
Trog
Uskayaw
Vehumet
Wu Jian
Xom
Zin
The Shining One
Jiyva


Innate Abilities, Weirdness & Mutations

You can breathe waves of freezing cold.
You can buffet flying creatures when you breathe cold.
Your icy white scales are hard. (AC +7)
You cannot fit into any form of body armour.
Your flesh is cold resistant. (rC+)
You are cold-blooded and may be slowed by cold attacks.


Message History

Anything else - Cancel.
Okay, then.
As you read the scroll of fear, it crumbles to dust.
You assume a fearsome visage.
The large slime creature looks frightened!
The slime creature easily resists.
The slime creature looks frightened! x2
The slime creature closely misses you.
The slime creature jiggles.
The slime creature closely misses you.
There is a transporter here.
You feel better.
The slime creature seems to regain its courage.
The slime creature hits you!
* * * LOW HITPOINT WARNING * * *
Unknown command.
You enter the transporter and appear at another place.
The slime creature hits you.
* * * LOW HITPOINT WARNING * * *
You feel better. The slime creature hits you!
You die...

####.#... .
.....#..### #
.....#..... ##. ###
###.....#.
#..##.###.##......
#.##..#.#..##...#.
##.#©.....JJ.#.###.
##..###.}?$.###.....
#..@##..=_$..##©..##
#.J.###.:[$.###..##
......#....(.JJ.#.##
..#.###.##..#.#..##.#
h.. #..#
#..##.###.##..# .o #
.# #.. ### ### Z## ..
.. ... . .## .# #...
#. .. .#


You could see a slime creature.

Vanquished Creatures
  The ghost of KristoblXynda the Summoner, a novice TeSu of Sif Muna (D:7)
  Grinder (D:5)
  A hippogriff (D:7)
  Sigmund (D:2)
  A warg (D:7)
  A water moccasin (D:7)
  2 phantoms (D:7)
  An ogre (D:8)
  A wolf (D:8)
  A bullfrog (D:6)
  2 scorpions
  A howler monkey (D:6)
  An electric eel (D:8)
  2 crimson imps (D:5)
  2 jellies
  2 hounds
  A centaur skeleton (D:4)
  3 orc priests
  Terence (D:2)
  An orc wizard (D:4)
  5 worker ants
  14 adders
  A howler monkey skeleton (D:7)
  A white imp (D:8)
  An ooze (D:3)
  2 worms
  5 dart slugs
  7 leopard geckos
  23 orcs
  7 giant cockroaches
  11 hobgoblins
  4 jackals
  7 kobolds
  5 quokkas
  6 bats
  5 frilled lizards
  4 goblins
  2 leopard gecko skeletons
  A quokka skeleton (D:4)
  5 rats
143 creatures vanquished.

Notes
Turn   | Place    | Note
-------+----------+-------------------------------------------
     0 | D:1      | KristoblXynda the Draconian Transmuter began the quest for the Orb.
     0 | D:1      | Reached XP level 1. HP: 16/16 MP: 3/3
   139 | D:1      | Reached XP level 2. HP: 9/23 MP: 1/5
   586 | D:2      | Reached XP level 3. HP: 28/28 MP: 4/6
   668 | D:2      | Noticed Sigmund
   734 | D:1      | Learned a level 3 spell: Spider Form
   977 | D:2      | Reached skill level 4 in Unarmed Combat
  1112 | D:2      | Noticed Terence
  1124 | D:2      | Killed Terence
  1124 | D:2      | Reached XP level 4. HP: 35/35 MP: 5/7
  1222 | D:2      | Killed Sigmund
  1222 | D:2      | Reached skill level 5 in Unarmed Combat
  1222 | D:2      | Reached XP level 5. HP: 32/40 MP: 4/8
  1598 | D:2      | Found a stormy altar of Qazlal.
  1835 | D:2      | Reached XP level 6. HP: 36/47 MP: 9/9
  2159 | D:3      | Reached skill level 6 in Unarmed Combat
  3082 | D:4      | Your scales start taking on an icy white colour.
  3082 | D:4      | Reached XP level 7. HP: 52/52 MP: 10/10
  3082 | D:4      | Gained mutation: Your flesh is cold resistant. (rC+) [White Draconian growth]
  3130 | D:4      | Found a staircase to the Ecumenical Temple.
  3152 | Temple   | Entered the Ecumenical Temple
  3363 | D:4      | Found a snail-covered altar of Cheibriados.
  3712 | D:4      | Reached skill level 7 in Unarmed Combat
  3755 | D:4      | Became a worshipper of Cheibriados the Contemplative
  3975 | D:5      | Entered Level 5 of the Dungeon
  4174 | D:5      | Noticed Grinder
  4203 | D:5      | Paralysed by Grinder for 5 turns
  4512 | D:5      | Paralysed by Grinder for 3 turns
  4518 | D:5      | Paralysed by Grinder for 5 turns
  4521 | D:5      | HP: 1/52 [Grinder (2)]
  4526 | D:5      | Killed Grinder
  4526 | D:5      | Reached skill level 5 in Transmutations
  4609 | D:5      | Reached skill level 8 in Unarmed Combat
  5005 | D:5      | Reached XP level 8. HP: 46/59 MP: 7/11
  5450 | D:6      | Found a shattered altar of Ashenzari.
  5568 | D:6      | Reached * piety under Cheibriados
  5977 | D:7      | Reached skill level 9 in Unarmed Combat
  6138 | D:7      | Noticed a hippogriff
  6149 | D:7      | Killed a hippogriff
  6387 | D:7      | Noticed KristoblXynda's ghost (novice TeSu)
  6410 | D:7      | Killed KristoblXynda's ghost
  6410 | D:7      | Reached skill level 10 in Unarmed Combat
  6410 | D:7      | Reached XP level 9. HP: 41/64 MP: 9/12
  6738 | D:7      | Found an iron altar of Okawaru.
  6947 | D:8      | Reached skill level 1 in Short Blades
  6974 | D:7      | Reached ** piety under Cheibriados
  7194 | D:8      | Found a transporter.
  7208 | D:8      | Found a viscous altar of Jiyva.
  7210 | D:8      | Found a transporter.
  7216 | D:8      | HP: 3/64 [slime creature (14)]
  7224 | D:8      | Slain by a slime creature

Vault maps used:
D:1:      tarquinn_simple_flora_water_d, corexii_item_surrounded_by_moat
D:2:      marbit_many_paths, minivault_5, minmay_randomly_rotated_circles,
          uniq_sigmund, uniq_terence
D:3:      lightli_corner_chamber
D:4:      kennysheep_mini_moat, minmay_temple_entry_glassed_door, first_bread
D:5:      uniq_grinder
D:6:      nicolae_ashenzari_panopticon
D:7:      kennysheep_mini
D:8:      gammafunk_jiyva_shrine, erik_lair_orcish_takeover, serial_shops,
          shop_fountains, shop_statue, special_room, serial_ice, serial_ice_h,
          serial_ice_m, serial_ice_i, serial_ice_n, serial_ice_e, serial_ice_g,
          uniq_erica
Temple:   eino_temple_rhombus

Skill      XL: |  1  2  3  4  5  6  7  8  9 |
---------------+----------------------------+-----
Dodging        | 2 |  2.1
Unarmed Combat | 4 5 6 8 10 | 10.4
Transmutations | 3 4 5 6 7 |  7.4
Short Blades   | 2 |  2.0
Fighting       | |  1.1
Spellcasting   | |  2.0

Action                   |  1- 3 |  4- 6 |  7- 9 || total
-------------------------+-------+-------+-------++-------
Melee: Unarmed           |    95 |   216 |   216 ||   527
       Tailslap          |    11 |    18 |    34 ||    63
       Kick              |    11 |       |     2 ||    13
       Punch             |     3 |     6 |     7 ||    16
       Headbutt          |       |       |     9 ||     9
       Short sword       |       |       |    44 ||    44
 Cast: Beastly Appendage |     4 |       |     4 ||     8
       Spider Form       |       |     5 |     2 ||     7
 Abil: Breathe Frost     |       |       |     1 ||     1
  Use: Potion            |     2 |     1 |     9 ||    12
       Scroll            |       |       |    16 ||    16
 Stab: Sleeping          |       |     2 |     5 ||     7
  Eat: Chunk             |     1 |     7 |     5 ||    13
       Meat ration       |       |       |     1 ||     1
       Royal jelly       |       |       |     1 ||     1
Armor: Skin              |    24 |    59 |    56 ||   139
Dodge: Dodged            |    53 |   136 |   155 ||   344
